 Dungeon Crawl Stone Soup version 0.20-a0-915-gb278767 (webtiles) character file.

54745 Rrauwl the Severer (level 14, -9/121 HPs)
             Began as a Hill Orc Monk on Mar 25, 2017.
             Was a High Priest of Vehumet.
             Mangled by an eight-headed hydra (10 damage)
             ... on level 6 of the Lair of Beasts.
             The game lasted 01:54:27 (22195 turns).

Rrauwl the Severer (Hill Orc Monk)                 Turns: 22195, Time: 01:54:27

Health: -9/121     AC: 28    Str: 15    XL:     14   Next: 74%
Magic:  20/20      EV:  7    Int: 19    God:    Vehumet [*****.]
Gold:   994        SH: 11    Dex: 15    Spells: 9/17 levels left

rFire    + . .     SeeInvis .   N - +2 flail (crush)
rCold    . . .     Gourm    .   j - +0 shield
rNeg     . . .     Faith    .   q - +0 plate armour "Fuocecw" {-Cast +Blink MR+ Int+5}
rPois    +         Spirit   .   D - +1 hat
rElec    .         Reflect  .   a - +0 cloak
rCorr    .         Harm     .   B - +0 pair of gloves
MR       +++..     NoCast   +   k - +2 pair of boots
Stlth    ..........             (no amulet)
Regen    0.3/turn               z - ring of protection from fire
MPRegen  0.2/turn               p - ring of poison resistance

@: no status effects
A: claws 1, molten scales 1, slimy green scales 1, thin metallic scales 1, agile
1, blurry vision 1, frail 1, magic resistance 1, subdued magic 1, MP-powered
wands
a: Renounce Religion, Evoke Blink


You were on level 6 of the Lair of Beasts.
You worshipped Vehumet.
Vehumet was extremely pleased with you.
You were not hungry.

You visited 3 branches of the dungeon, and saw 18 of its levels.
You also visited: Ossuary.

You collected 994 gold pieces.

Inventory:

Hand Weapons
 n - a +3 war axe
 x - a +0 quarterstaff of freezing
 H - the +5 short sword "Yddiyhes" {flame, +Fly rF+}
   (You found it on level 4 of the Lair of Beasts)

   It has been specially enchanted to burn those struck by it, causing extra
   injury to most foes and up to half again as much damage against particularly
   susceptible opponents.
   It protects you from fire.
   It lets you fly.
 N - a +2 flail of crushing (weapon)
Armour
 a - a +0 cloak (worn)
 j - a +0 shield (worn)
 k - a +2 pair of boots (worn)
 q - the +0 plate armour "Fuocecw" (worn) {-Cast +Blink MR+ Int+5}
   (You found it on level 4 of the Dungeon)

   It affects your intelligence (+5).
   It affects your resistance to hostile enchantments.
   It lets you blink.
   It prevents spellcasting.
 y - a +2 robe of cold resistance
 B - a +0 pair of gloves (worn)
 D - a +1 hat (worn)
Magical Staves
 A - an uncursed staff of earth
 E - an uncursed staff of fire
 R - an uncursed staff of cold {unknown}
Jewellery
 f - an uncursed ring of see invisible
 p - a ring of poison resistance (right hand)
 z - a ring of protection from fire (left hand)
Wands
 i - a wand of clouds (1/9)
 s - a wand of confusion (29/48)
 v - a wand of polymorph (9/24)
 J - a wand of acid (1/15)
 L - a wand of acid (6/15)
 M - a wand of paralysis (7/24)
 P - a wand of lightning (8/15)
 S - a wand of enslavement (14/24)
 U - a wand of acid (2/15)
Scrolls
 d - a scroll of immolation
 e - 9 scrolls of identify
 g - 12 scrolls of teleportation
 h - a scroll of blinking
 l - a scroll of enchant armour
 m - 9 scrolls of remove curse
 r - 2 scrolls of magic mapping
 u - a scroll of fear
 F - 2 scrolls of fog
 K - a scroll of recharging
 Q - a scroll of amnesia
Potions
 b - 2 potions of flight
 I - 5 potions of curing
 O - a potion of magic
Books
 C - a book of Geomancy

   Spells                             Type                      Level
   a - Sandblast                      Earth                        1
   b - Passwall                       Transmutation/Earth          2
   c - Stone Arrow                    Conjuration/Earth            3
   d - Petrify                        Transmutation/Earth          4
   e - Lee's Rapid Deconstruction     Earth                        5
Miscellaneous
 w - a crystal ball of energy
Comestibles
 o - 3 royal jellies
 G - 3 bread rations


   Skills:
 + Level 15.0 Fighting
 + Level 16.1 Axes
 - Level 11.1 Armour
 - Level 6.0 Dodging
 - Level 2.0 Stealth
 - Level 10.0 Shields
 - Level 2.1 Spellcasting
 - Level 3.0 Conjurations
 + Level 9.0 Evocations


You had 9 spell levels left.
You knew the following spells:

 Your Spells              Type           Power        Failure   Level  Hunger
a - Magic Dart            Conj           ##..         83%         1    #......
b - Force Lance           Conj/Tloc      #.......     100%        4    #####..
c - Stone Arrow           Conj/Erth      #.....       100%        3    ###....


Dungeon Overview and Level Annotations

Branches:
Dungeon (11/15)            Temple (1/1) D:5            Lair (6/6) D:11
 Shoals (0/4) Lair:2        Snake (0/4) Lair:4        Slime (0/5) Lair:5
    Orc: D:9-12

Altars:
Ashenzari
Cheibriados
Dithmenos
Elyvilon
Fedhas
Gozag
Hepliaklqana
Kikubaaqudgha
Makhleb
Nemelex Xobeh
Okawaru
Qazlal
Ru
Sif Muna
Trog
Uskayaw
Vehumet
Wu Jian
Xom
Yredelemnul
Zin
The Shining One

Shops:
D:2 *   D:5 [   D:11 %

Annotations:
D:7 exclusion: ice statue


Innate Abilities, Weirdness & Mutations

You have sharp fingernails.
You are partially covered in molten scales. (AC +2)
You are partially covered in slimy green scales. (AC +2)
You are partially covered in thin metallic scales. (AC +2)
You are agile. (Dex +2)
Scrolls take you a little longer to read.
You are frail. (-10% HP)
You are resistant to hostile enchantments. (MR+)
Your spells are a little easier to cast, but a little less powerful.
You expend magic power (3 MP) to strengthen your wands.


Message History

The dream sheep bites you but does no damage.
The dream sheep shake their wool and sparkle.
You feel drowsy...
You fall asleep.
The dream sheep bites you!
You wake up.
* * * LOW HITPOINT WARNING * * *
Unknown command.
The dream sheep bites you but does no damage.
A water moccasin comes into view.
The water moccasin hisses angrily.
A catoblepas and a spiny frog come into view.
The spiny frog croaks.
A crocodile comes into view.
The dream sheep ruffle their wool and motes of dream dust sparkle, to no effect.
The dream sheep shake their wool and sparkle.
You feel drowsy...
You fall asleep.
The water moccasin bites you!
You wake up.
* * * LOW HITPOINT WARNING * * *
The eight-headed hydra bites you but does no damage.
The eight-headed hydra bites you!
You die...

..... Y.... .Y.... #####
...... ###...# ###F.....
#.#..####.P......
########.#....P..S......
.............Y.D@.......
.............Y.Y........
...P..P..#..###..#...###
..#...###....####...##
..### #P..P### #..P.
..## ##.....#.....P.
...### #......... ..t..
...#Y## #P....!... .....
....#†####........


You could see a catoblepas, an eight-headed hydra, a yak (wandering), a spiny
frog, a water moccasin, a crocodile and 3 dream sheep.

Vanquished Creatures
  Gastronok (D:11)
  Snorg (Lair:3)
  A catoblepas (Lair:6)
  3 two-headed ogres
  19 death yaks
  Urug (D:11)
  2 unseen horrors
  An obsidian statue (D:10)
  The ghost of Toogi the Ruffian, a novice DrTm of Makhleb (D:6)
  Pikel (D:4)
  4 ugly things
  The ghost of Rrauwl the Skirmisher, a novice FoAK of Lugonu (D:5)
  3 elephants (Lair:5)
  2 manticores (D:11)
  2 centaur zombies (D:11)
  2 black mambas
  A torpor snail (Lair:4)
  2 gargoyles (D:11)
  7 spiny frogs
  3 kobold demonologists (D:11)
  7 komodo dragons
  5 rime drakes
  2 trolls
  A queen bee (D:8)
  A polar bear (Lair:3)
  2 dream sheep (Lair:6)
  16 blink frogs
  4 hippogriffs
  Sigmund (D:6)
  A spriggan (D:9)
  54 yaks
  3 wyverns
  A hungry ghost (D:8)
  5 basilisks
  A steam dragon (Lair:5)
  A soldier ant (D:11)
  2 nagas (Lair:4)
  6 water moccasins
  A hell hound (Lair:6)
  2 porcupines
  An orc warrior (D:10)
  5 sky beasts
  2 ice beasts
  8 ogres
  A necrophage (D:10)
  A phantom (D:5)
  8 wolves
  6 centaurs
  8 crocodiles
  A big kobold (D:11)
  14 bullfrogs
  3 scorpions
  11 killer bees (D:8)
  9 wights
  5 crimson imps
  A bullfrog zombie (D:11)
  5 hounds
  A human zombie (Ossuary)
  2 centaur skeletons
  7 orc priests
  2 jellies
  An iguana (D:7)
  12 orc wizards
  7 worker ants
  4 mummies
  A hound skeleton (D:5)
  A howler monkey zombie (D:7)
  2 howler monkey skeletons
  4 gnolls (D:9)
  14 adders
  3 shadow imps
  An ooze (D:1)
  An adder skeleton (D:4)
  3 adder zombies
  A worm (D:2)
  5 dart slugs
  3 leopard geckos
  37 orcs
  7 bats
  6 giant cockroaches
  6 goblins
  12 hobgoblins
  A jackal (D:10)
  4 quokkas
  2 ball pythons
  6 frilled lizards
  3 goblin zombies (Ossuary)
  2 hobgoblin zombies (Ossuary)
  10 kobolds
  2 leopard gecko skeletons
  6 quokka zombies (Ossuary)
  10 rats
  5 rat zombies (Ossuary)
  A fungus (Lair:4)
  A plant (Lair:4)
459 creatures vanquished.

Vanquished Creatures (collateral kills)
  Fannar (Lair:3)
1 creature vanquished.

Vanquished Creatures (others)
  An unseen horror (D:11)
  5 fungi
  13 plants
19 creatures vanquished.

Grand Total: 479 creatures vanquished

Notes
Turn   | Place    | Note
-------+----------+-------------------------------------------
     0 | D:1      | Rrauwl the Hill Orc Monk began the quest for the Orb.
     0 | D:1      | Reached XP level 1. HP: 19/19 MP: 1/1
   120 | D:1      | Reached XP level 2. HP: 15/27 MP: 2/2
   630 | D:1      | Reached XP level 3. HP: 33/33 MP: 3/3
   879 | D:2      | Found Zin's Purification Station.
   880 | D:2      | Found a glowing silver altar of Zin.
  1570 | D:2      | Reached skill level 1 in Armour
  1570 | D:2      | Reached XP level 4. HP: 40/40 MP: 4/4
  2349 | D:4      | Reached skill level 5 in Axes
  2349 | D:4      | Reached XP level 5. HP: 37/47 MP: 5/5
  2838 | D:4      | Reached skill level 5 in Fighting
  2875 | D:4      | Noticed an ogre
  2893 | D:4      | Killed an ogre
  2893 | D:4      | Reached XP level 6. HP: 5/56 MP: 6/6
  3245 | D:4      | Noticed Pikel
  3245 | D:4      | Noticed a slave
  3245 | D:4      | Noticed a slave
  3245 | D:4      | Noticed a slave
  3245 | D:4      | Noticed a slave
  3252 | D:4      | Killed Pikel
  3252 | D:4      | Reached skill level 7 in Axes
  3252 | D:4      | Reached XP level 7. HP: 60/64 MP: 7/7
  3352 | D:4      | Got a transparent plate armour
  3363 | D:4      | Identified the cursed +0 plate armour "Fuocecw" {-Cast +Blink MR+ Int+5} (You found it on level 4 of the Dungeon)
  3454 | D:4      | Found a shimmering altar of Xom.
  3457 | D:4      | Found a bloodstained altar of Trog.
  3459 | D:4      | Found an iron altar of Okawaru.
  3681 | D:5      | Entered Level 5 of the Dungeon
  3947 | D:5      | Found Ryhawiast's Armour Boutique.
  3975 | D:5      | Reached skill level 1 in Evocations
  3987 | D:5      | Reached XP level 8. HP: 56/71 MP: 8/8
  4011 | D:5      | Found a sand-covered staircase.
  4016 | D:5      | You fall through a shaft!
  4016 | D:6      | Noticed Toogi's ghost (novice DrTm)
  4047 | Ossuary  | Entered an ossuary
  4056 | Ossuary  | Reached skill level 5 in Armour
  4631 | D:5      | Found a staircase to the Ecumenical Temple.
  4640 | Temple   | Entered the Ecumenical Temple
  4802 | Temple   | Became a worshipper of Vehumet
  4802 | Temple   | Reached * piety under Vehumet
  4802 | Temple   | Offered knowledge of Magic Dart by Vehumet.
  4802 | Temple   | Reached ** piety under Vehumet
  4805 | Temple   | Learned a level 1 spell: Magic Dart
  4944 | D:5      | Offered knowledge of Shock by Vehumet.
  5459 | D:5      | Reached skill level 8 in Axes
  5459 | D:5      | Reached skill level 1 in Conjurations
  5624 | D:5      | Noticed Rrauwl's ghost (novice FoAK)
  5659 | D:5      | Killed Rrauwl's ghost
  5659 | D:5      | Reached skill level 1 in Shields
  5659 | D:5      | Reached skill level 1 in Spellcasting
  5659 | D:5      | Reached XP level 9. HP: 28/80 MP: 9/11
  6022 | D:6      | Killed Toogi's ghost
  6168 | D:6      | Reached skill level 9 in Axes
  6341 | D:6      | Noticed Sigmund
  6350 | D:6      | Killed Sigmund
  6956 | D:7      | Offered knowledge of Throw Frost by Vehumet.
  7084 | D:7      | Noticed an ice statue
  7244 | D:7      | Reached XP level 10. HP: 53/90 MP: 13/13
  7255 | D:7      | Gained mutation: You expend magic power (3 MP) to strengthen your wands. [mutagenic meat]
  7256 | D:7      | Gained mutation: Your spells are a little easier to cast, but a little less powerful. [mutagenic meat]
  7257 | D:7      | Gained mutation: You are partially covered in slimy green scales. (AC +2) [mutagenic meat]
  7258 | D:7      | Gained mutation: You are resistant to hostile enchantments. (MR+) [mutagenic meat]
  7259 | D:7      | Gained mutation: You have sharp fingernails. [mutagenic meat]
  7260 | D:7      | Gained mutation: You are partially covered in molten scales. (AC +2) [mutagenic meat]
  7496 | D:8      | Reached *** piety under Vehumet
  7554 | D:8      | Reached skill level 10 in Axes
  7697 | D:8      | Found an ancient bone altar of Kikubaaqudgha.
  7748 | D:8      | Reached skill level 5 in Shields
  7869 | D:8      | Offered knowledge of Static Discharge by Vehumet.
  8815 | D:9      | Gained mutation: You are agile. (Dex +2) [mutagenic meat]
  8816 | D:9      | Gained mutation: Scrolls take you a little longer to read. [mutagenic meat]
  8911 | D:9      | Found a deep blue altar of Sif Muna.
  9052 | D:10     | Entered Level 10 of the Dungeon
  9168 | D:10     | Reached skill level 10 in Fighting
  9173 | D:10     | Noticed a two-headed ogre
  9182 | D:10     | Killed an unseen horror
  9182 | D:10     | Reached **** piety under Vehumet
  9182 | D:10     | Killed a two-headed ogre
  9182 | D:10     | Reached XP level 11. HP: 41/100 MP: 8/14
  9468 | D:10     | Noticed an obsidian statue
  9493 | D:10     | Killed an obsidian statue
  9493 | D:10     | Offered knowledge of Force Lance by Vehumet.
  9493 | D:10     | Reached skill level 11 in Axes
  9574 | D:10     | Learned a level 4 spell: Force Lance
  9696 | D:10     | Gained mutation: You are frail. (-10% HP) [mutagenic meat]
  9717 | D:10     | Noticed a two-headed ogre
  9724 | D:10     | Killed a two-headed ogre
  9915 | D:10     | Reached skill level 5 in Dodging
 10152 | D:11     | Noticed a brown ugly thing
 10237 | D:9      | Identified Sif Muna's Reference Book on Clay
 10617 | D:11     | Noticed a cyan ugly thing
 10660 | D:10     | Killed a cyan ugly thing
 10731 | D:11     | Noticed Urug
 11319 | D:11     | Noticed a brown ugly thing
 11338 | D:10     | Killed a brown ugly thing
 11387 | D:11     | Killed a brown ugly thing
 11406 | D:11     | Reached XP level 12. HP: 52/99 MP: 15/15
 11598 | D:10     | Gained mutation: You are partially covered in thin metallic scales. (AC +2) [mutagenic meat]
 11739 | D:11     | Reached skill level 12 in Axes
 12056 | D:11     | Killed Urug
 12514 | D:11     | Found a staircase to the Lair.
 12568 | D:11     | Reached ***** piety under Vehumet
 12609 | D:11     | Noticed a two-headed ogre
 12640 | D:11     | Reached skill level 10 in Armour
 12644 | D:11     | Killed a two-headed ogre
 12648 | D:11     | Offered knowledge of Iskenderun's Battlesphere by Vehumet.
 12976 | D:11     | Found Tonk's Food Shoppe.
 13007 | D:11     | Noticed Gastronok
 13055 | D:11     | Killed Gastronok
 14027 | D:11     | Reached skill level 13 in Axes
 14200 | Lair:1   | Entered Level 1 of the Lair of Beasts
 14607 | Lair:1   | Reached XP level 13. HP: 94/107 MP: 16/16
 16112 | Lair:2   | Found a staircase to the Shoals.
 16698 | Lair:3   | Reached skill level 10 in Shields
 17235 | Lair:3   | Noticed Fannar
 17261 | Lair:3   | Killed Fannar
 17261 | Lair:3   | Reached skill level 5 in Evocations
 17366 | Lair:3   | Reached skill level 14 in Axes
 17921 | Lair:3   | Noticed Snorg
 17951 | Lair:3   | Killed Snorg
 18082 | Lair:4   | Learned a level 3 spell: Stone Arrow
 18287 | Lair:4   | Found a staircase to the Snake Pit.
 18603 | Lair:4   | Offered knowledge of Conjure Ball Lightning by Vehumet.
 19052 | Lair:4   | Reached XP level 14. HP: 99/117 MP: 19/19
 19070 | Lair:4   | Reached skill level 15 in Axes
 19150 | Lair:4   | Got a jewelled short sword
 19159 | Lair:4   | Identified the +5 short sword "Yddiyhes" {flame, +Fly rF+} (You found it on level 4 of the Lair of Beasts)
 19557 | Lair:5   | Found a staircase to the Slime Pits.
 20835 | Lair:6   | Entered Level 6 of the Lair of Beasts
 21763 | Lair:5   | Reached skill level 16 in Axes
 21911 | Lair:6   | Reached skill level 15 in Fighting
 22195 | Lair:6   | HP: 1/121 [water moccasin (12)]
 22195 | Lair:6   | Mangled by an eight-headed hydra

Vault maps used:
D:1:      shiori_arrival_maze, hangedman_decor_growths
D:2:      minmay_door_path, zin_purify
D:3:      first_bread
D:4:      minitemple, uniq_pikel
D:5:      minmay_temple_entry_steel_oval, gup_ossuary_entry_pyramid,
          serial_shops, shop_statue, minmay_misc_feat_roman
D:6:      uniq_sigmund
D:7:      lemuel_ice_statue
D:8:      marbit_many_paths, nicolae_looking_at_the_future
D:9:      led_sif_book, the_bakery
D:10:     minmay_statue_hallways
D:11:     lair_entry_dummy, serial_shops, kennysheep_mini, uniq_urug,
          uniq_gastronok
Temple:   regret_index_temple_sphere_string
Lair:2:   elwin_shoals_entry_rocks, minmay_holes, st_stairs_6
Lair:3:   uniq_snorg, uniq_fannar
Lair:4:   beast_lair_carwin_large_1, guppyfry_snake_entry_garden,
          grunt_megastairs_2
Lair:5:   slime_dummy, portal_ice_cave_rime
Lair:6:   cheibrodos_lair_end_hotspot, patterned_corridor
Ossuary:  ossuary_minmay_chase

Skill      XL: |  1  2  3  4  5  6  7  8  9 10 11 12 13 14 |
---------------+-------------------------------------------+-----
Fighting       | 4 5 6 7 8 10 11 12 13 15 | 15.0
Stealth        | 2 |  2.0
Armour         | 1 3 4 5 7 8 9 10 11 | 11.1
Dodging        | 3 4 5 6 |  6.0
Axes           | 5 7 8 9 10 11 13 14 16 | 16.1
Evocations     | 1 2 3 4 6 9 |  9.0
Conjurations   | 2 3 |  3.0
Shields        | 1 4 6 7 9 10 | 10.0
Spellcasting   | 1 2 |  2.1

Action                   |  1- 3 |  4- 6 |  7- 9 | 10-12 | 13-15 || total
-------------------------+-------+-------+-------+-------+-------++-------
Melee: Hand axe          |    72 |       |       |       |       ||    72
       War axe           |    51 |   131 |   364 |   965 |  1001 ||  2512
       Flail             |       |       |       |       |     9 ||     9
 Abil: Evoke Blink       |       |       |       |       |     2 ||     2
Evoke: Wand              |       |       |     1 |    13 |     4 ||    18
       Sack of spiders   |       |       |       |       |     3 ||     3
       Phantom mirror    |       |       |       |       |     1 ||     1
  Use: Scroll            |     4 |     8 |     7 |     6 |     6 ||    31
       Potion            |     2 |     2 |    11 |     5 |     3 ||    23
 Stab: Sleeping          |     2 |       |       |       |       ||     2
       Distracted        |       |       |       |       |     1 ||     1
  Eat: Chunk             |     2 |     6 |     3 |    40 |    17 ||    68
       Meat ration       |       |       |     1 |       |       ||     1
       Bread ration      |       |       |     1 |       |       ||     1
       Fruit             |       |       |       |     7 |     3 ||    10
       Royal jelly       |       |       |       |       |     3 ||     3
Armor: Robe              |     4 |       |       |       |       ||     4
       Plate armour      |    76 |   107 |   171 |   582 |   395 ||  1331
       Skin              |       |     5 |    19 |       |       ||    24
Dodge: Dodged            |    47 |    32 |    68 |   160 |   187 ||   494
Block: Shield            |       |       |    79 |   418 |   381 ||   878
